 Dungeon Crawl Stone Soup version 0.23.0 (webtiles) character file.

Game seed: 9670071144716850182

42 Monsterracer the Skirmisher (level 3, 0/29 HPs)
             Began as a Formicid Warper on Feb 11, 2019.
             Succumbed to an adder's poison
             ... on level 2 of the Dungeon.
             The game lasted 00:02:14 (1901 turns).

Monsterracer the Skirmisher (Formicid Warper)       Turns: 1901, Time: 00:02:15

Health: 0/29       AC:  3    Str: 16    XL:     3   Next: 77%
Magic:  6/6        EV: 12    Int: 12    God:
Gold:   7          SH:  0    Dex: 10    Spells: 6/6 levels left

rFire    . . .     SeeInvis +   c - ration
rCold    . . .     Gourm    .   (no shield)
rNeg     + . .     Faith    .   b - +0 leather armour
rPois    .         Spirit   .   (helmet unavailable)
rElec    .         Reflect  .   (no cloak)
rCorr    .         Harm     .   (no gloves)
MR       .....                  (no boots)
Stlth    +.........             (no amulet)
HPRegen  0.09/turn              d - ring of positive energy
MPRegen  0.10/turn              (no ring)

@: lethally poisoned (0 -> -4)
A: permanent stasis, dig shafts and tunnels, four strong arms, antennae 3
a: Dig, Shaft Self


You were on level 2 of the Dungeon.
You were not hungry.

You visited 1 branch of the dungeon, and saw 2 of its levels.

You collected 7 gold pieces.

Inventory:

Hand Weapons
 a - a +0 mace
Missiles
 e - 5 tomahawks of dispersal (quivered)
Armour
 b - a +0 leather armour (worn)
Jewellery
 d - a ring of positive energy (left hand)
Scrolls
 f - 2 scrolls of teleportation {unknown}
 i - a scroll of remove curse {unknown}
Potions
 g - 2 potions of curing {unknown}
 h - a potion of agility {unknown}
Comestibles
 c - a ration (in hand)


   Skills:
 * Level 3.0 Fighting
 * Level 2.7 Maces & Flails
 - Level 1.0 Throwing
 + Level 1.7 Armour
 + Level 2.1 Dodging
 - Level 2.1 Spellcasting
   Level 2.6 Translocations


You had 6 spell levels left.
You didn't know any spells.
Your spell library contained the following spells:

 Spells                   Type           Power        Failure   Level  Hunger
 Shroud of Golubria       Chrm/Tloc      #.........   28%         2    ###....
 Gell's Gravitas          Tloc           #.........   32%         3    ####...
 Lesser Beckoning         Tloc           #.........   32%         3    ####...
 Teleport Other           Tloc           #.......     32%         3    ####...
 Passage of Golubria      Tloc           N/A          73%         4    #####..
 Blink                    Tloc           Unusable     N/A         2    N/A

Dungeon Overview and Level Annotations

Branches:
Dungeon (2/15)

Altars:


Innate Abilities, Weirdness & Mutations

You cannot be hasted, slowed, berserked, paralysed or teleported.
You can dig through walls and to a lower floor.
Your four strong arms can wield two-handed weapons with a shield.
You have a pair of large antennae on your head. (SInv)


Message History

The adder is severely wounded.
You feel sick. The adder bites you. The adder closely misses you.
You take 8 damage, and have 20/28 hp.
MASSIVE DAMAGE!!
An adder is nearby!
An adder is nearby!
You barely miss the adder.
The adder is severely wounded.
The adder completely misses you. The adder bites you.
You are more poisoned.
The adder poisons you!
You are too injured to fight recklessly!
You are too injured to fight recklessly!
You are too injured to fight recklessly!
You are too injured to fight recklessly!
You take 3 damage, and have 17/28 hp.
You closely miss the adder.
The adder is severely wounded.
You feel sick. The adder bites you but does no damage.
You take 1 damage, and have 16/28 hp.
You completely miss the adder.
The adder is severely wounded.
You feel sick. The adder misses you. The adder bites you.
* * * LOW HITPOINT WARNING * * *
You take 3 damage, and have 13/28 hp.
You hit the adder but do no damage.
The adder is severely wounded.
You feel sick. The adder barely misses you. The adder bites you.
* * * LOW HITPOINT WARNING * * *
You take 2 damage, and have 11/28 hp.
You closely miss the adder.
The adder is severely wounded.
The adder bites you.
* * * LOW HITPOINT WARNING * * *
You take 1 damage, and have 10/28 hp.
Unknown command.
You miss the adder.
The adder is severely wounded.
You feel sick. The adder barely misses you. x2
You take 1 damage, and have 9/28 hp.
You miss the adder.
The adder is severely wounded.
You feel sick. The adder bites you.
* * * LOW HITPOINT WARNING * * *
The adder bites you but does no damage.
You take 3 damage, and have 6/28 hp.
Unknown command.
You closely miss the adder.
The adder is severely wounded.
The adder barely misses you.
You closely miss the adder.
The adder is severely wounded.
The adder completely misses you. The adder closely misses you.
You closely miss the adder.
The adder is severely wounded.
You feel sick. The adder bites you.
* * * LOW HITPOINT WARNING * * *
You are more poisoned.
The adder poisons you!
You take 3 damage, and have 3/28 hp.
Unknown command.
You hit the adder.
You kill the adder!
Your Fighting skill increases to level 3!
* * * LOW HITPOINT WARNING * * *
You feel sick.
You take 1 damage, and have 2/29 hp.
Wield which item (- for none, * to show all)? (? for menu, Esc to quit)
c - a ration (in hand)
There is a lethal amount of poison in your body!
There is a lethal amount of poison in your body!
There is a lethal amount of poison in your body!
There is a lethal amount of poison in your body!
There is a lethal amount of poison in your body!
There is a lethal amount of poison in your body!
There is a lethal amount of poison in your body!
There is a lethal amount of poison in your body!
There is a lethal amount of poison in your body!
There is a lethal amount of poison in your body!
There is a lethal amount of poison in your body!
There is a lethal amount of poison in your body!
There is a lethal amount of poison in your body!
There is a lethal amount of poison in your body!
There is a lethal amount of poison in your body!
There is a lethal amount of poison in your body!
Unknown command.
There is a lethal amount of poison in your body!
There is a lethal amount of poison in your body!
Unknown command.
* * * LOW HITPOINT WARNING * * *
You feel sick.
You take 1 damage, and have 2/29 hp.
Unknown command.
Wield which item (- for none, * to show all)? (? for menu, Esc to quit)
Okay, then.
* * * LOW HITPOINT WARNING * * *
You feel sick.
You take 1 damage, and have 1/29 hp.
There is a lethal amount of poison in your body!
Unknown command.
You die...

..# #.#
#.# #.#
#.# #.#
#.# {
#.######.#
#.......@#
##########


There were no monsters in sight!

Vanquished Creatures
  An adder (D:2)
  An ooze (D:1)
  A ball python (D:1)
  3 hobgoblins (D:1)
  A jackal (D:1)
  5 kobolds (D:1)
  5 bats
  3 frilled lizards (D:1)
  3 goblins (D:1)
  6 rats (D:1)
29 creatures vanquished.

Notes
Turn   | Place    | Note
-------+----------+-------------------------------------------
     0 | D:1      | Monsterracer the Formicid Warper began the quest for the
                  | Orb.
     0 | D:1      | Reached XP level 1. HP: 16/16 MP: 3/3
    53 | D:1      | HP: 7/16 [kobold (2)]
    57 | D:1      | HP: 3/16 [kobold (1)]
   472 | D:1      | Reached XP level 2. HP: 20/23 MP: 5/5
   926 | D:1      | Reached XP level 3. HP: 25/28 MP: 6/6
  1424 | D:1      | HP: 13/28 [frilled lizard (2)]
  1885 | D:2      | HP: 13/28 [adder (2)]
  1889 | D:2      | HP: 6/28 [adder (2)]
  1893 | D:2      | Reached skill level 3 in Fighting
  1893 | D:2      | HP: 2/29 [poisoned by an adder]
  1898 | D:2      | HP: 1/29 [poisoned by an adder]
  1901 | D:2      | Succumbed to an adder's poison

Skill      XL: |  1  2  3 |
---------------+----------+-----
Dodging        | 2 |  2.1
Fighting       | 3 |  3.0
Maces & Flails | |  2.7
Throwing       | |  1.0
Armour         | |  1.7
Spellcasting   | |  2.1
Translocations | |  2.6

Action                   || total
-------------------------++-------
Melee: Mace              ||   100
 Stab: Sleeping          ||     1
  Eat: Chunk             ||     3
Armor: Leather armour    ||    40
Dodge: Dodged            ||    73

Levels and vault maps discovered:
D:1:      dpeg_arrival_signposts, layout_basic, serial_co_window_serial,
          co_window_paths_a, co_window_corner_a, co_window_corner_a,
          co_window_of_opportunity_a, co_window_cross_1, co_window_paths_a,
          co_window_paths_b, co_window_corner_ca, co_window_of_opportunity_c,
          co_window_of_opportunity_c, co_window_corner_b, co_window_corner_b,
          co_window_corner_cb, glass_columns_a, st_stairs_4
D:2:      layout_loops_ring, minmay_misc_feat_plants
